Map: [ESL] Glittering Ashes

Players

herO

  • Race: Protoss Protoss

Ryung - Winner!

  • Race: Terran Terran

Event: IEM Katowice 2022

VOD

https://youtu.be/v5wCuNXG_iY

Description

Time

  • Played on: Feb. 23, 2022, 12:09 p.m.
  • Length: 16:18

All games in this series

Show
View Real Time Build Order
Export as new Build Order

herO Protoss 

Build Orders: 1 Gate Expand, Oracle Opening, Blink Stalkers 

Get SALT Encoding   

  12  0:00  Probe  
  13  0:12  Probe  
  14  0:17  Pylon  
  14  0:24  Probe (Chrono Boost)  
  15  0:36  Probe (Chrono Boost)  
  15  0:37  Gateway  
  16  0:44  Probe (Chrono Boost)  
  16  0:45  Assimilator  
  17  0:50  Probe  
  18  1:03  Probe  
  19  1:15  Probe  
  20  1:24  Cybernetics Core  
  20  1:34  Nexus  
  20  1:40  Pylon  
  20  1:44  Probe  
  21  1:49  Assimilator  
  21  1:56  Probe  
  21  1:58  Adept (Chrono Boost)  
  24  2:08  Probe  
  25  2:19  Stargate  
  25  2:20  Probe  
  25  2:22  Adept  
  28  2:32  Probe  
  29  2:40  Warp Gate  
  29  2:47  Probe (Chrono Boost)  
  29  2:49  Probe (Chrono Boost)  
  31  2:56  Probe (Chrono Boost)  
  31  2:58  Adept  
  34  2:59  Probe (Chrono Boost)  
  34  3:01  Oracle (Chrono Boost)  
  37  3:06  Probe  
  37  3:08  Probe  
  39  3:18  Probe  
  40  3:20  Probe  
  40  3:22  Pylon  
  41  3:27  Twilight Council  
  41  3:30  Probe  
  41  3:33  Probe  
  43  3:35  Gateway  
  43  3:40  Gateway  
  43  3:48  Probe x2  
  47  3:53  Assimilator  
  47  3:56  Blink (Chrono Boost)  
  47  4:00  Probe x2  
  47  4:12  Pylon, Probe x2  
  49  4:23  Nexus  
  47  4:25  Pylon  
  47  4:29  Gateway  
  47  4:30  Probe x2  
  49  4:39  Stalker x2  
  49  4:42  Stalker  
  55  4:46  Probe  
  55  4:47  Probe  
  57  4:53  Pylon  
  57  4:57  Forge  
  57  4:59  Probe  
  59  5:00  Probe  
  59  5:06  Stalker x2  
  63  5:09  Stalker  
  65  5:14  Pylon  
  65  5:15  Probe  
  65  5:19  Probe  
  67  5:32  Charge (Chrono Boost)  
  67  5:33  Stalker x3  
  73  5:36  Stalker  
  73  5:40  Probe  
  73  5:41  Probe  
  73  5:42  Probe  
  78  5:53  Probe x2  
  76  5:59  Stalker x3  
  76  6:00  Stalker  
  76  6:02  Protoss Ground Weapons Level 1 (Chrono Boost)  
  84  6:06  Probe x3  
  84  6:09  Pylon  
  87  6:16  Gateway  
  87  6:18  Gateway  
  87  6:26  Probe x3  
  87  6:31  Photon Cannon, Shield Battery  
  90  6:39  Stalker x4  
  94  6:42  Probe  
  94  6:44  Photon Cannon  
  92  6:50  Gateway  
  92  6:52  Gateway  
  92  6:53  Robotics Facility  
  92  6:55  Pylon  
  92  7:03  Gateway  
  92  7:09  Stalker x3, Sentry  
  92  7:14  Shield Battery  
  100  7:16  Assimilator  
  100  7:17  Probe x2  
  100  7:18  Probe  
  100  7:21  Assimilator  
  101  7:29  Pylon, Zealot  
  103  7:30  Zealot  
  103  7:32  Pylon  
  103  7:35  Zealot x4  
  111  7:37  Probe  
  111  7:38  Probe x2  
  106  7:46  Zealot  
  106  7:47  Zealot  
  106  7:50  Observer  
  111  7:53  Zealot  
  111  7:57  Pylon  
  113  8:00  Robotics Bay  
  113  8:02  Zealot x5  
  113  8:03  Robotics Facility  
  119  8:09  Zealot  
  119  8:10  Zealot x2  
  125  8:16  Zealot  
  123  8:20  Pylon  
  123  8:26  Zealot x4  
  117  8:33  Zealot x2  
  117  8:34  Zealot  
  123  8:35  Protoss Ground Weapons Level 2 (Chrono Boost)  
  123  8:38  Pylon  
  123  8:39  Pylon  
  117  8:50  Zealot x4  
  117  8:54  Pylon x2  
  124  9:02  Colossus (Chrono Boost)  
  122  9:04  Colossus (Chrono Boost)  
  122  9:07  Observer  
  132  9:19  Photon Cannon  
  132  9:20  Stalker x2  
  132  9:22  Stalker  
  135  9:34  Dark Shrine  
  135  9:37  Zealot x4  
  143  9:39  Shield Battery  
  143  9:48  Zealot x3  
  137  9:57  Colossus (Chrono Boost)  
  143  10:02  Extended Thermal Lance  
  143  10:07  Zealot x3  
  133  10:28  Stalker x5  
  139  10:38  Stalker  
  141  10:48  Disruptor (Chrono Boost)  
  140  10:52  Pylon  
  140  10:53  Shadow Stride, Pylon  
  140  11:00  Pylon  
  140  11:02  Pylon  
  140  11:05  Pylon  
  140  11:07  Protoss Ground Weapons Level 3  
  140  11:12  Zealot x5  
  140  11:14  Observer (Chrono Boost)  
  143  11:28  Zealot  
  143  11:30  Probe  
  143  11:31  Probe x2  
  148  11:34  Disruptor (Chrono Boost)  
  148  11:35  Disruptor (Chrono Boost)  
  154  11:43  Probe  
  154  11:52  Zealot x8  
  170  11:56  Observer  
  136  12:03  Disruptor x2  
  128  12:19  Dark Templar x3  
  128  12:20  Dark Templar  
  136  12:28  Nexus  
  136  12:30  Dark Templar x3  
  136  12:34  Dark Templar  
  144  12:42  Pylon  
  144  12:47  Observer x2  
  145  12:56  Sentry, Zealot x3  
  153  12:58  Probe x2  
  153  12:59  Probe  
  153  13:02  Pylon  
  156  13:08  Disruptor x2 (Chrono Boost)  
  146  13:31  Stalker x3, Zealot x5  
  162  13:40  Disruptor x2 (Chrono Boost)  
  168  13:55  Stalker  
  168  13:56  Stalker x4  
  168  13:58  Zealot  
  168  14:02  Zealot x5  
  143  14:14  Disruptor  
  143  14:17  Stalker  
  145  14:27  Observer  
  138  14:39  Nexus  
  138  14:42  Stalker x4, Pylon  
  146  14:49  Stalker x2  
  150  14:55  Disruptor  
  152  15:01  Disruptor  
  152  15:05  Stalker x3  
  158  15:08  Pylon  
  152  15:15  Pylon  
  120  15:27  Stalker x4  
  95  15:31  Zealot  
  95  15:32  Zealot  
  78  15:38  Disruptor x2 (Chrono Boost)  
  72  15:44  Stalker x2  
  76  15:52  Stalker x2  
  76  15:53  Stalker  
  74  16:01  Zealot x3  
Show
View Real Time Build Order
Export as new Build Order

Ryung Terran - Winner!

Build Orders:  

Get SALT Encoding   

  12  0:00  SCV  
  13  0:12  SCV  
  14  0:16  Supply Depot  
  14  0:24  SCV  
  15  0:38  SCV  
  15  0:40  Barracks  
  16  0:44  Refinery  
  16  0:50  SCV  
  17  1:02  SCV  
  18  1:14  SCV  
  19  1:27  Marine, Orbital Command  
  20  1:47  Barracks Reactor, Command Center  
  20  1:53  SCV  
  21  1:58  Supply Depot  
  21  2:05  SCV  
  22  2:10  Factory  
  22  2:17  SCV  
  23  2:23  Marine x2  
  23  2:29  SCV  
  26  2:33  Barracks  
  26  2:41  Marine x2  
  26  2:42  SCV  
  26  2:44  Refinery  
  29  2:56  Factory Tech Lab  
  29  2:57  SCV  
  30  2:58  Orbital Command  
  30  3:01  Marine  
  30  3:04  Marine  
  32  3:09  SCV  
  33  3:15  Cyclone  
  36  3:20  Barracks Tech Lab  
  36  3:21  SCV  
  36  3:24  SCV  
  38  3:28  Barracks  
  38  3:33  SCV  
  39  3:35  Marine x2  
  39  3:40  SCV  
  39  3:41  Supply Depot  
  42  3:45  SCV  
  43  3:52  SCV  
  43  3:53  Engineering Bay  
  44  3:56  Stimpack  
  44  3:57  SCV  
  45  4:03  Marine x3  
  45  4:04  SCV  
  45  4:09  Supply Depot, SCV  
  50  4:16  SCV  
  51  4:20  Terran Infantry Weapons Level 1  
  51  4:21  SCV  
  52  4:28  Combat Shield  
  52  4:29  SCV, Marine  
  52  4:30  Marine x2  
  56  4:32  Marine  
  56  4:33  SCV  
  56  4:35  Factory Reactor, Starport  
  58  4:40  Refinery  
  58  4:41  SCV  
  59  4:46  Supply Depot, Bunker  
  59  4:48  SCV  
  60  4:53  SCV  
  60  4:56  Supply Depot  
  61  5:00  SCV  
  62  5:08  SCV, Marine x2, Marauder x2  
  62  5:09  Supply Depot  
  62  5:10  Supply Depot  
  69  5:16  SCV  
  69  5:20  SCV, Medivac x2  
  75  5:27  Marine x2  
  77  5:31  Factory Reactor, Marauder x2  
  77  5:34  Refinery  
  77  5:35  Supply Depot  
  78  5:50  Medivac x2  
  78  5:54  Marauder  
  83  6:01  SCV  
  83  6:02  SCV  
  83  6:04  Command Center  
  85  6:05  Marine x2  
  85  6:06  Marauder  
  85  6:09  Supply Depot  
  93  6:11  Widow Mine x2  
  93  6:14  SCV  
  94  6:21  SCV  
  94  6:23  Barracks  
  94  6:24  Marine x2  
  94  6:25  Marauder  
  97  6:26  SCV  
  97  6:27  Medivac  
  97  6:28  Barracks  
  97  6:37  Marauder  
  99  6:40  Widow Mine x2  
  99  6:43  Terran Infantry Armor Level 1  
  99  6:46  Marauder  
  101  6:52  Marine x2  
  101  6:53  Medivac  
  105  6:55  SCV x2  
  105  6:57  Medivac  
  109  7:07  Supply Depot x2  
  109  7:12  Marine  
  109  7:14  Barracks Tech Lab  
  109  7:15  Barracks Reactor, Marine  
  115  7:16  Marauder x2, Orbital Command  
  115  7:22  Widow Mine x2  
  119  7:25  SCV  
  119  7:26  Armory  
  120  7:31  SCV  
  121  7:37  SCV, Orbital Command  
  121  7:43  Marine x2, Marauder x3  
  130  7:45  Concussive Shells  
  130  7:49  SCV  
  131  7:52  Engineering Bay  
  131  7:53  Supply Depot  
  130  8:06  Marine x2, Marauder  
  130  8:07  Marauder x2, Marine x2  
  140  8:15  Widow Mine x2, SCV  
  140  8:16  SCV  
  141  8:24  Marine x2  
  137  8:30  SCV x2  
  137  8:31  SCV  
  140  8:35  Marine x3  
  140  8:36  Marauder x2  
  140  8:37  Widow Mine, Terran Infantry Weapons Level 2  
  140  8:41  Supply Depot x2  
  149  8:43  Widow Mine  
  144  8:54  Marauder  
  144  8:55  Terran Infantry Armor Level 2  
  146  8:59  Medivac  
  146  9:02  Supply Depot, Missile Turret, Medivac, SCV  
  151  9:03  Supply Depot  
  151  9:15  Command Center  
  151  9:18  Ghost Academy  
  151  9:19  Marauder x3  
  151  9:22  Marine x4  
  161  9:24  Widow Mine  
  161  9:25  Widow Mine  
  166  9:31  SCV x2  
  166  9:32  Supply Depot  
  166  9:35  Supply Depot  
  166  9:37  Medivac x2  
  171  9:51  Enhanced Shockwaves  
  168  9:59  Ghost x2  
  163  10:06  Ghost, Marine x4  
  168  10:16  Viking  
  157  10:26  Marine  
  157  10:27  Marine x3  
  152  10:28  Marauder  
  152  10:34  Barracks  
  150  10:36  Barracks  
  150  10:37  Barracks  
  150  10:41  Marine x2  
  146  10:43  Viking  
  146  10:44  Marine  
  146  10:46  Viking  
  150  10:50  Ghost, Marine x3  
  150  10:53  SCV x2  
  150  10:54  SCV  
  158  10:58  Barracks, Ghost  
  158  10:59  Refinery  
  158  11:00  Refinery  
  160  11:10  Refinery  
  156  11:12  Marine x2  
  156  11:13  Viking, Marine  
  156  11:14  Marine, Marauder  
  156  11:15  Refinery  
  156  11:16  Viking  
  166  11:19  Marauder  
  164  11:28  Marauder  
  164  11:30  Barracks Reactor, Barracks Tech Lab  
  164  11:31  Barracks Tech Lab  
  166  11:35  Marauder  
  167  11:41  Marauder  
  167  11:43  Viking  
  167  11:46  Viking  
  173  11:49  Terran Ship Weapons Level 1, Marauder  
  164  12:08  Marauder x4, Marine  
  157  12:09  Marine  
  157  12:13  Viking  
  157  12:16  Viking  
  157  12:18  SCV x2  
  157  12:20  Command Center  
  162  12:23  Ghost, Marine  
  162  12:28  Starport, Ghost x2  
  168  12:31  Missile Turret  
  168  12:37  Command Center  
  168  12:40  Ghost  
  168  12:42  Marauder, Marine  
  171  12:51  Marine x2  
  173  12:52  Marine, Marauder  
  173  12:57  Marauder  
  178  13:06  Fusion Core  
  178  13:11  Factory Reactor, Terran Infantry Weapons Level 3  
  166  13:29  SCV x4  
  166  13:31  Marauder x5  
  180  13:38  Liberator x2  
  186  13:42  Planetary Fortress  
  186  13:44  SCV  
  187  13:50  SCV x2  
  187  13:51  SCV  
  187  13:52  Marauder  
  186  14:09  Marauder  
  160  14:10  Marauder  
  160  14:11  Marine x3  
  160  14:13  Liberator  
  164  14:18  Liberator  
  164  14:19  Planetary Fortress  
  164  14:20  SCV  
  164  14:21  SCV x2  
  171  14:25  Advanced Ballistics  
  171  14:30  Orbital Command  
  169  14:39  Liberator x2  
  175  14:57  Liberator  
  175  14:58  Missile Turret  
  178  15:10  Command Center  
  175  15:16  Marauder x2  
  175  15:18  Marine  
  175  15:21  Marine x3  
  145  15:22  Marine  
  145  15:24  Marine x2  
  145  15:25  Marine x2  
  129  15:36  Marine  
  129  15:37  Marauder x2  
  129  15:39  Marine x4  
  129  15:42  Marine x3  
  152  15:54  Marine  

Tags
 
Add a new tag
Caveats
  • Supply blocks, unpowered buildings, or Contaminate may cause inaccurate times.
  • Supply counts are checked every 10 seconds.